 Dungeon Crawl Stone Soup version 0.29.0-13-gc9e81de378 (webtiles) character file.

Game seed: 12072125381251987760

140 Strat the Cudgeller (level 5, -4/48 HPs)
             Began as a Minotaur Monk on Sept 10, 2022.
             Killed by nerve-wracking pain
             ... invoked by Grinder
              (9 damage)
             ... on level 3 of the Dungeon.
             The game lasted 00:04:01 (2324 turns).

Strat the Cudgeller (Minotaur Monk)                 Turns: 2324, Time: 00:04:02

Health: -4/48      AC:  7    Str: 17    XL:     5   Next: 2%
Magic:  4/4        EV: 11    Int:  4    God:
Gold:   123        SH:  0    Dex: 19    Spells: 4/4 levels left

rFire   . . .      SeeInvis .   w - +7 flail of Bile {protect, Int-3 Dex+6}
rCold   . . .      Faith    .   (no shield)
rNeg    . . .      Spirit   .   d - +0 scale mail
rPois   .          Reflect  .   (helmet restricted)
rElec   .          Harm     .   (no cloak)
rCorr   .          Rampage  .   (no gloves)
Will    .....                   u - +0 pair of boots
Stlth   +.........              (no amulet)
HPRegen 0.16/turn               (no ring)
MPRegen 0.09/turn               (no ring)

@: no status effects
A: horns 2, retaliatory headbutt
a: no special abilities


You were on level 3 of the Dungeon.
You visited 1 branch of the dungeon, and saw 3 of its levels.

You collected 123 gold pieces.

Inventory:

Hand Weapons
 a - a +0 mace
 b - a +0 sling
 w - the +7 flail of Bile (weapon) {protect, Int-3 Dex+6}
   (You took it off a goblin on level 3 of the Dungeon)

   It grants its wielder temporary protection when it strikes (+7 to AC).
   Int:       It affects your intelligence (-3).
   Dex:       It affects your dexterity (+6).
Missiles
 t - 3 poisoned darts (quivered)
Armour
 d - a +0 scale mail (worn)
 p - a +0 plate armour
 u - a +0 pair of boots (worn)
 v - a +0 robe
Scrolls
 e - 4 scrolls of identify {unknown}
 f - 5 scrolls of teleportation {unknown}
 g - a scroll of enchant armour {unknown}
 l - a scroll of blinking {unknown}
 n - a scroll of acquirement {unknown}
 q - a scroll of vulnerability {unknown}
 r - a scroll of fear {unknown}
 s - a scroll of brand weapon {unknown}
Potions
 c - a potion of ambrosia
 h - a potion of mutation {unknown}
 i - 2 potions of might
 k - a potion of haste
 m - a potion of lignification
 o - a potion of flight {unknown}


   Skills:
 - Level 5.0 Fighting
 + Level 6.0 Maces & Flails
 + Level 0.2 Armour
 - Level 3.2 Dodging
 - Level 1.5 Stealth


You had 4 spell levels left.
You didn't know any spells.
Your spell library contained the following spells:

 Spells                   Type           Power      Damage    Failure   Level
 Apportation              Tloc           0%         N/A       90%         1
 Alistair's Intoxication  Tmut/Pois      0%         N/A       100%        5


Dungeon Overview and Level Annotations

Branches:
Dungeon (3/15)

Altars:
Okawaru

Annotations:
D:1 1 transporter
D:2 1 runed translucent door, Crazy Yiuf, Sigmund
D:3 Grinder


Innate Abilities, Weirdness & Mutations

You have a pair of horns on your head.
You reflexively headbutt those who attack you in melee.


Message History

Items here: ( )))) [ †††.
Found a club.
Your extra speed is starting to run out.
Found 8 gold pieces.
Found a whip.
A goblin comes into view. It is wielding a +0 club.
Found 7 gold pieces.
The goblin shouts!
An orc comes into view. It is wielding a +1 dagger of pain.
You feel yourself slow down.
The orc shouts!
You thump the goblin!
Your weapon exudes an aura of protection.
You kill the goblin!
Things that are here:
a +0 club; a goblin corpse You hit the orc.
You headbutt the orc, but do no damage.
The orc is almost dead.
The orc hits you but does no damage.
You sock the orc!
You kill the orc!
You have reached level 5!
An endoplasm comes into view.
Things that are here:
a +1 dagger of pain; a +0 leather armour; an orc corpse The endoplasm quivers.
The endoplasm barely misses you. You furiously retaliate!
You headbutt the endoplasm. The endoplasm attacks as you move away!
The endoplasm hits you.
* * * LOW HITPOINT WARNING * * *
Grinder zaps a wand.
The puff of flame hits you.
* * * LOW HITPOINT WARNING * * *
The endoplasm attacks as you move away! The endoplasm misses you.
You furiously retaliate!
You headbutt the endoplasm.
You kill the endoplasm!
Grinder zaps a wand.
The puff of flame hits you.
* * * LOW HITPOINT WARNING * * *
Grinder gestures at you. Pain shoots through your body!
You die...

................###..# .
#.....$....####.#...## .
..................### ...
............5.....####..#.
...............##..#......
#.........................
##...##...#..........<....
..##..............>.......
................@........#
..........................
.........^.###.........)..
...........# #.........)..
...........###........###.
...........#.÷......#.#
...........#.##..)....#
..........##.#.......##
.##....[###.#.......#


You could see Grinder.

Vanquished Creatures
  2 orc priests (D:3)
  3 adders
  A worm (D:2)
  A dart slug (D:2)
  6 orcs (D:3)
  2 ball pythons
  An endoplasm (D:3)
  A giant cockroach (D:1)
  8 goblins
  7 hobgoblins
  3 kobolds
  3 quokkas
  A bat (D:2)
  2 frilled lizards
  A rat (D:3)
42 creatures vanquished.

Notes
Turn   | Place    | Note
-------+----------+-------------------------------------------
     0 | D:1      | Strat the Minotaur Monk began the quest for the Orb.
     0 | D:1      | Reached XP level 1. HP: 19/19 MP: 0/0
   178 | D:1      | Reached skill level 4 in Maces & Flails
   466 | D:1      | Reached XP level 2. HP: 23/26 MP: 1/1
   499 | D:1      | Found a faded altar of an unknown god.
   876 | D:2      | Reached skill level 5 in Maces & Flails
   949 | D:2      | Reached XP level 3. HP: 31/31 MP: 2/2
   976 | D:2      | Found an iron altar of Okawaru.
  1108 | D:2      | Found a runed translucent door.
  1109 | D:2      | Noticed Crazy Yiuf
  1634 | D:2      | Noticed Sigmund
  1994 | D:3      | Identified the +7 flail of Bile {protect, Int-3 Dex+6}
  1995 | D:3      | Noticed Grinder
  2236 | D:3      | Reached skill level 6 in Maces & Flails
  2236 | D:3      | Reached XP level 4. HP: 23/39 MP: 3/3
  2247 | D:3      | HP: 1/41 [orc priest/+0 short sword (2)]
  2254 | D:3      | Reached skill level 5 in Fighting
  2282 | D:3      | Paralysed by Grinder for 5 turns
  2311 | D:3      | Reached XP level 5. HP: 14/48 MP: 4/4
  2324 | D:3      | Killed from afar by Grinder

Illustrated notes

Levels and vault maps discovered:
D:1:      spicycebolla_arrival_risky_transporter, layout_loops_ring,
          hellmonk_ecumenical_altar_arch_garden
D:2:      layout_basic, basic_altar, uniq_sigmund, uniq_crazy_yiuf_cottage
D:3:      layout_rooms, uniq_grinder

Skill      XL: |  1  2  3  4 |
---------------+-------------+-----
Maces & Flails | 4 5 6 |  6.0
Fighting       | 5 |  5.0
Armour         | |  0.2
Dodging        | |  3.2
Stealth        | |  1.5

Action                   |  1- 3 |  4- 6 || total
-------------------------+-------+-------++-------
Melee: Mace              |    67 |       ||    67
       Headbutt          |    11 |     5 ||    16
       Flail             |     6 |    19 ||    25
       Punch             |       |     1 ||     1
 Fire: Sling             |    11 |       ||    11
  Use: Potion            |       |     4 ||     4
Armor: Scale mail        |    35 |     7 ||    42
       Skin              |       |     3 ||     3
Dodge: Dodged            |    59 |     5 ||    64
